Cogmind - Beta 9.6 *** ADVENTURER MODE // 2020.06.20 @ 13:54:00 Player: Torque Result: Destroyed by L-31 Rogue with Katana Performance ------------- Evolutions (2) 1000 Regions Visited (6) 1200 Robots Destroyed (28) 140 Value Destroyed (361) 361 Prototype IDs (0) 0 Alien Tech Used (0) 0 Bonus (200) 200 TOTAL SCORE: 2901 Bonus ------- Entered Garrisons 200 Cogmind --------- Core Integrity 0/550 Matter 300/300 Energy 100/100 System Corruption 1% Temperature Cool (0) Movement Core (550) Ox10 Location -8/Garrison Parts ------- > --- POWER (1) -------- (None) > --- PROPULSION (2) --- (None) > --- UTILITY (6) ------ Large Storage Unit Large Storage Unit Improved Signal Interpreter Terrain Scan Processor > --- WEAPON (2) ------- (None) > --- INVENTORY (16) --- (None) Peak State ------------ > --- POWER ------------ Improved Ion Engine > --- PROPULSION ------- Gravmag System Gravmag System > --- UTILITY ---------- Coolant Injector Small Storage Unit Improved Signal Interpreter Terrain Scan Processor Heavy Armor Plating > --- WEAPON ----------- Beam Rifle Heavy Assault Rifle > --- INVENTORY -------- Light Ion Engine Armored Huge Wheel Gravmag System Weapon Shielding EMP Blaster [Rating: 30] Favorites ----------- Power Light Ion Engine Engine Light Ion Engine Propulsion Gravmag System Leg Aluminum Leg Wheel Compact Wheel Hover Unit Gravmag System Flight Unit Flight Unit Utility Small Storage Unit Device Heat Sink Storage Small Storage Unit Processor Terrain Scan Processor Protection Heavy Armor Plating Weapon Assault Rifle Energy Gun Beam Rifle Ballistic Gun Assault Rifle Launcher EMP Blaster Special Weapon Welding Torch Special Melee Weapon Datajack Build | -11 -10 -10 -10 -9 -8 -8 ------- Run | Scr Mat Min Exi Min Mat Gar Slots Evolved 4 | . . . . . 4 . Power . | . . . . . . . Propulsion . | . . . . . . . Utility 4 | . . . . . 4 . Weapon . | . . . . . . . Parts Attached 51 | 6 12 . 3 9 13 8 Power 7 | 1 1 . 1 2 1 1 Engine 7 | 1 1 . 1 2 1 1 Core . | . . . . . . . Reactor . | . . . . . . . Propulsion 15 | 2 4 . . 3 2 4 Treads . | . . . . . . . Leg 4 | . 2 . . 2 . . Wheel 4 | 2 . . . 1 . 1 Hover 3 | . . . . . 2 1 Flight 4 | . 2 . . . . 2 Utility 15 | 1 2 . 2 1 8 1 Device 3 | . . . . 1 2 . Storage 7 | 1 1 . 2 . 2 1 Processor 2 | . . . . . 2 . Hackware . | . . . . . . . Protection 3 | . 1 . . . 2 . Artifact . | . . . . . . . Weapon 14 | 2 5 . . 3 2 2 Energy Gun 2 | 1 . . . . 1 . Energy Cannon . | . . . . . . . Ballistic Gun 7 | 1 2 . . 2 1 1 Ballistic Cannon . | . . . . . . . Launcher 2 | . . . . 1 . 1 Special Weapon 1 | . 1 . . . . . Impact Weapon . | . . . . . . . Slashing Weapon . | . . . . . . . Piercing Weapon . | . . . . . . . Special Melee Weapon 2 | . 2 . . . . . Unidentified Prototypes . | . . . . . . . Parts Lost 20 | . 2 . . 6 . 12 Power 3 | . . . . 1 . 2 Propulsion 10 | . 1 . . 4 . 5 Utility 1 | . . . . . . 1 Weapon 6 | . 1 . . 1 . 4 Highest Loss Streak 5 | . 2 . . 3 . 5 Average Slot Usage (%) 76 | . 92 71 71 64 87 56 Engine 9 | . 14 14 14 8 9 5 Leg 1 | . 7 . . 5 . . Wheel 2 | . 11 . . 3 . 1 Hover 7 | . . . . . 17 7 Flight 6 | . 9 28 28 5 . 1 Device 4 | . . . . 5 9 1 Storage 13 | . 23 14 14 14 9 11 Processor 9 | . . . . . 17 18 Protection 2 | . . . . . 7 . Energy Gun 3 | . 4 . . . 6 1 Ballistic Gun 9 | . 15 . . 9 11 4 Launcher 1 | . . . . 5 . 3 Special Melee Weapon 2 | . 2 14 14 5 . . Naked Turns . | . . . . . . . Heaviest Build 45 | 13 14 8 8 11 45 35 Greatest Support 28 | 26 26 8 8 20 16 28 Greatest Overweight (x) 6 | . 3 . . 3 4 6 Average Overweight (x) . | . . . . . 1 2 Largest Inventory Capacity 24 | 6 6 6 24 6 10 16 Average Capacity 7 | 5 6 6 6 6 7 11 Most Carried 8 | 4 6 6 6 5 8 6 Average Carried 4 | 1 4 6 5 3 6 3 Final Capacity 16 | 6 6 6 6 6 10 16 Final Carried 6 | 4 6 6 5 5 6 . Class Distribution -------------------- 66% | Mutant 33% | Scavenger-Mutant Dominant Class ---------------- Mutant | -10/Materials Mutant | -10/Mines Mutant | -10/Exiles Mutant | -9/Mines Scavenger-Mutant | -8/Materials Mutant | -8/Garrison Resources | -11 -10 -10 -10 -9 -8 -8 ----------- Run | Scr Mat Min Exi Min Mat Gar Matter Collected 846 | 211 155 . . 145 249 86 Remotely . | . . . . . . . Salvage Created 652 | . 155 . . 132 286 79 Parts 43 | . 9 . . 4 27 3 Haulers Intercepted . | . . . . . . . Recyclers Shooed 1 | . . . . . 1 . Parts Field Recycled . | . . . . . . . Retrieved Matter . | . . . . . . . Parts Self-Destructed . | . . . . . . . Prevented . | . . . . . . . Kills | -11 -10 -10 -10 -9 -8 -8 ------- Run | Scr Mat Min Exi Min Mat Gar Combat Hostiles Destroyed 24 | . 6 . . 9 6 3 Guns 15 | . 6 . . 1 6 2 AOE 9 | . . . . 8 . 1 Classes Destroyed 7 | . 2 . . 3 2 . Builder 2 | . . . . 1 1 . Recycler 2 | . . . . 1 1 . Swarmer 9 | . 3 . . . 4 2 Grunt 4 | . 3 . . . . 1 Sentry 1 | . . . . . 1 . Hunter 1 | . . . . . 1 . Assembled 9 | . . . . 9 . . Best Kill Streak 7 | . 3 . . 7 5 2 Combat Bots Only 7 | . 3 . . 7 5 2 Max Kills in Single Turn 3 | . 2 . . 3 2 1 Gunslinging 1 | . 1 . . . 1 . Exploded 3 | . . . . 3 . 1 Melee . | . . . . . . . Uniques/NPCs Destroyed . | . . . . . . . Combat | -11 -10 -10 -10 -9 -8 -8 -------- Run | Scr Mat Min Exi Min Mat Gar Damage Taken 2748 | 5 291 34 . 523 365 1530 Core 749 | . 64 14 . 120 5 546 Absorbed by Shields . | . . . . . . . Core Remaining (%) 60 | 100 . . . 20 . . Volleys Fired 79 | . 29 . . 10 16 24 Largest 2 | . 2 . . 2 2 2 Hottest 79 | . 70 . . 53 79 79 Shots Fired 117 | . 41 . . 15 32 29 Gun 94 | . 32 . . 5 32 25 Cannon . | . . . . . . . Launcher 14 | . . . . 10 . 4 Special 9 | . 9 . . . . . Kinetic 71 | . 24 . . 5 22 20 Thermal 32 | . 17 . . . 10 5 Explosive 10 | . . . . 10 . . Electromagnetic 4 | . . . . . . 4 Robot Hit Streak 12 | . 10 . . 5 8 12 Robot Miss Streak 5 | . 1 . . 5 1 4 Penetration Max . | . . . . . . . Secondary Targets 4 | . 3 . . . 1 . Max Gunslinging Chain 1 | . 1 . . . 1 . Shots Hit Robots 78 | . 26 . . 8 24 20 Core Hits 63 | . 10 . . 23 11 19 Critical Hits . | . . . . . . . Critical Kills . | . . . . . . . Critical Parts Destroyed . | . . . . . . . Melee Attacks . | . . . . . . . Impact . | . . . . . . . Slashing . | . . . . . . . Piercing . | . . . . . . . Sneak Attacks . | . . . . . . . Combat Hostiles . | . . . . . . . Follow-up Attacks . | . . . . . . . Damage Inflicted 1601 | 11 270 . . 717 249 354 Guns 719 | . 270 . . 36 249 164 Cannons . | . . . . . . . Explosions 790 | . . . . 681 . 109 Melee . | . . . . . . . Ramming 92 | 11 . . . . . 81 Kinetic 500 | . 182 . . 36 146 136 Thermal 219 | . 88 . . . 103 28 Explosive 681 | . . . . 681 . . Electromagnetic 109 | . . . . . . 109 Impact . | . . . . . . . Slashing . | . . . . . . . Piercing . | . . . . . . . Highest Corruption 1 | . . . . . . 1 Average Corruption 1 | . . . . . . 1 Corruption Purged . | . . . . . . . Overload Shots . | . . . . . . . Overflow Damage 46 | . . . . 42 . 4 Projectiles . | . . . . . . . Explosions 46 | . . . . 42 . 4 Melee . | . . . . . . . Knockbacks . | . . . . . . . Impact . | . . . . . . . Kinetic . | . . . . . . . Secondary . | . . . . . . . Self-Inflicted Damage 240 | 5 . . . 177 . 58 Shots 10 | . . . . 7 . 3 Rammed 32 | 1 . . . . . 31 Targets Rammed 32 | 1 . . . . . 31 Kicked . | . . . . . . . Crushed . | . . . . . . . Highest Temperature 180 | . 180 3 . 19 11 5 Average Temperature 58 | . 88 3 . 10 2 3 Received Heat Transfer 837 | . 162 24 . 120 27 504 Siege Activations . | . . . . . . . Robots Corrupted . | . . . . . . . Combat Hostiles . | . . . . . . . Parts Fried . | . . . . . . . Impact Corruptions . | . . . . . . . Robots Melted . | . . . . . . . Combat Hostiles . | . . . . . . . Parts Melted 2 | . 1 . . . 1 . Heat Transferred 592 | . 259 . . . 259 74 Parts Sabotaged . | . . . . . . . Parts Stolen . | . . . . . . . Parts Stripped . | . . . . . . . Power Chain Reactions . | . . . . . . . Missiles Intercepted . | . . . . . . . Alert | -11 -10 -10 -10 -9 -8 -8 ------- Run | Scr Mat Min Exi Min Mat Gar Peak Influence 179 | . 135 59 . 15 179 35 Average Influence 42 | . 55 53 . 1 79 11 Maximum Alert Level . | . . . . . . . Low Security (%) 100 | 100 100 100 . 100 100 100 Level 1 . | . . . . . . . Level 2 . | . . . . . . . Level 3 . | . . . . . . . Level 4 . | . . . . . . . Level 5 . | . . . . . . . High Security . | . . . . . . . Max Security . | . . . . . . . Squads Dispatched 2 | . 1 . . . 1 . Investigation 1 | . 1 . . . . . Extermination . | . . . . . . . Reinforcement 1 | . . . . . 1 . Assault . | . . . . . . . Garrison . | . . . . . . . Intercept . | . . . . . . . Construction Impeded . | . . . . . . . Haulers Reinforced . | . . . . . . . Stealth | -11 -10 -10 -10 -9 -8 -8 --------- Run | Scr Mat Min Exi Min Mat Gar Distress Signals 1 | . 1 . . . . . Communications Jammed . | . . . . . . . Distress Signals . | . . . . . . . Times Spotted 52 | . 9 5 . 15 7 16 Peak Tracking Total 14 | . 4 5 . 14 4 5 Tactical Retreats 11 | . 1 . . 4 . 6 Traps | -11 -10 -10 -10 -9 -8 -8 ------- Run | Scr Mat Min Exi Min Mat Gar Traps Triggered . | . . . . . . . Indirectly . | . . . . . . . Trap Hack Attempts . | . . . . . . . Triggered . | . . . . . . . Disarmed . | . . . . . . . Reprogrammed . | . . . . . . . Reused . | . . . . . . . Traps Extracted . | . . . . . . . Installed . | . . . . . . . Triggered . | . . . . . . . Machines | -11 -10 -10 -10 -9 -8 -8 ---------- Run | Scr Mat Min Exi Min Mat Gar Machines Disabled . | . . . . . . . Max in Single Turn . | . . . . . . . Machines Sabotaged . | . . . . . . . Garrisons Compromised . | . . . . . . . Overloaded Fab Kills . | . . . . . . . Fab Network Shutdowns . | . . . . . . . Hacking | -11 -10 -10 -10 -9 -8 -8 --------- Run | Scr Mat Min Exi Min Mat Gar Machines Accessed 8 | . 1 . 4 . 3 . Terminals 3 | . 1 . . . 2 . Fabricators . | . . . . . . . Repair Stations . | . . . . . . . Recycling Units . | . . . . . . . Scanalyzers . | . . . . . . . Garrison Access 1 | . . . . . 1 . Total Hacks 35 | . 3 . 27 . 5 . Successful 33 | . 1 . 27 . 5 . Failed 2 | . 2 . . . . . Catastrophic . | . . . . . . . Database Lockouts . | . . . . . . . Manual 4 | . . . 3 . 1 . Terminals 6 | . 3 . . . 3 . Fabricators . | . . . . . . . Repair Stations . | . . . . . . . Recycling Units . | . . . . . . . Scanalyzers . | . . . . . . . Garrison Access 2 | . . . . . 2 . Terminal Hacks 30 | . 1 . 27 . 2 . Record 28 | . . . 27 . 1 . Alert Level 1 | . . . . . 1 . Locate Traps 1 | . 1 . . . . . Fabricator Hacks . | . . . . . . . Repair Station Hacks . | . . . . . . . Recycling Unit Hacks . | . . . . . . . Scanalyzer . | . . . . . . . Garrison Access Hacks 2 | . . . . . 2 . Unlock Access 1 | . . . . . 1 . Coupler Status 1 | . . . . . 1 . Unauthorized Hacks 1 | . . . . . 1 . Terminals 1 | . . . . . 1 . Botnet 1 | . . . . . 1 . Fabricators . | . . . . . . . Repair Stations . | . . . . . . . Recycling Units . | . . . . . . . Scanalyzers . | . . . . . . . Garrison Access . | . . . . . . . Data Cores Recovered . | . . . . . . . Used . | . . . . . . . Hacking Detections 3 | . 1 . . . 2 . Full Trace Events 1 | . 1 . . . . . Feedback Events . | . . . . . . . Feedback Blocked . | . . . . . . . Robot Schematics Acquired . | . . . . . . . Robots Built . | . . . . . . . Matter . | . . . . . . . Time . | . . . . . . . Total Robot Build Rating . | . . . . . . . Part Schematics Acquired . | . . . . . . . Parts Built . | . . . . . . . Matter . | . . . . . . . Time . | . . . . . . . Total Part Build Rating . | . . . . . . . Parts Repaired . | . . . . . . . Time . | . . . . . . . Parts Recycled . | . . . . . . . Recycled Matter . | . . . . . . . Retrieved Matter . | . . . . . . . Retrieved Components . | . . . . . . . Parts Scanalyzed . | . . . . . . . Part Schematics Acquired . | . . . . . . . Parts Damaged . | . . . . . . . Bothacking | -11 -10 -10 -10 -9 -8 -8 ------------ Run | Scr Mat Min Exi Min Mat Gar Used RIF Installer . | . . . . . . . Robots Hacked . | . . . . . . . Non-combat . | . . . . . . . Combat . | . . . . . . . Robot Hacks Applied . | . . . . . . . Relay Couplers Released . | . . . . . . . Robots Rewired . | . . . . . . . Allies Hacked . | . . . . . . . Hacks Repelled . | . . . . . . . Allies | -11 -10 -10 -10 -9 -8 -8 -------- Run | Scr Mat Min Exi Min Mat Gar Total Allies . | . . . . . . . Largest Group . | . . . . . . . Highest-Rated Group . | . . . . . . . Highest-Rated Ally . | . . . . . . . Total Orders . | . . . . . . . Ally Attacks . | . . . . . . . Total Damage . | . . . . . . . Kills . | . . . . . . . Allies Corrupted . | . . . . . . . Allies Melted . | . . . . . . . Intel | -11 -10 -10 -10 -9 -8 -8 ------- Run | Scr Mat Min Exi Min Mat Gar Robot Analysis Total . | . . . . . . . Derelict Logs Recovered 1 | . . . . 1 . . Drone Launches . | . . . . . . . Drone Recoveries . | . . . . . . . Exploration | -11 -10 -10 -10 -9 -8 -8 ------------- Run | Scr Mat Min Exi Min Mat Gar Turns Passed 1402 | 50 243 14 150 191 451 303 Spaces Moved 1082 | 42 151 36 378 175 217 83 Core 31 | 4 . . . 23 . 4 Treads . | . . . . . . . Legs 50 | . 31 . . 19 . . Wheels 153 | 38 56 . . 48 9 2 Hover 282 | . . . . . 208 74 Flight 566 | . 64 36 378 85 . 3 Fastest Speed 37 | 50 37 37 37 37 60 110 Average Speed 91 | 86 86 37 37 87 167 181 Slowest Speed 520 | 100 280 37 37 200 300 520 Overloaded Moves . | . . . . . . . Propulsion Burnouts . | . . . . . . . Robots Hopped . | . . . . . . . Cave-ins Triggered . | . . . . . . . Exploration Rate (%) 27 | 3 28 9 68 44 25 14 Regions Visited 6 Branch Regions 3 Pre-discovered Areas 1 | . . . 1 . . . Known Exits Taken 1 | . . . . . 1 . Unknown Exits Taken 5 | 1 1 1 1 1 . . Scrap Searched 1 | . . . . 1 . . Spaces Dug . | . . . . . . . Terrain Destroyed 87 | . . . . 87 . . Melee . | . . . . . . . Projectile . | . . . . . . . AOE 87 | . . . . 87 . . Actions | -11 -10 -10 -10 -9 -8 -8 --------- Run | Scr Mat Min Exi Min Mat Gar Total 1320 | 52 222 36 388 195 279 148 Wait 31 | . 13 1 . . 16 1 Move 1077 | 42 150 35 377 174 216 83 Hop . | . . . . . . . Pick Up 18 | 4 5 . 3 2 4 . Fast Attach 29 | 6 7 . 3 4 7 2 Attach 15 | . 4 . . 3 3 5 Detach 7 | . 4 . . . 3 . Swap 7 | . 1 . . 2 3 1 Drop 26 | . 9 . 5 . 11 1 Fire 79 | . 29 . . 10 16 24 Melee . | . . . . . . . Ram 31 | . . . . . . 31 Kick . | . . . . . . . Crush . | . . . . . . . Escape Stasis . | . . . . . . . Rewire . | . . . . . . . Trap . | . . . . . . . Miscellaneous . | . . . . . . . Route ------- -11/Scrapyard -10/Materials (discovered 2 exits: [*Mat] / [*Min]) -10/Mines -10/Exiles (discovered 2 exits: [*Min x2]) -9/Mines -8/Materials (discovered 2 exits: Fac / Gar) -8/Garrison History --------- Turn | Location | Event 10 | -11/Scrapyard | Discovered new exit (range 14) 51 | -11/Scrapyard | Entered Materials 291 | -10/Materials | Discovered new exit (range 3) 293 | -10/Materials | Discovered new exit (range 16) 294 | -10/Materials | Entered Mines 306 | -10/Mines | Build established: Mutant 307 | -10/Mines | Deemed a non-threat by the Exiles lab entrance 307 | -10/Mines | Discovered new exit (range 5) 308 | -10/Mines | Entered Exiles 327 | -10/Exiles | Discovered new exit (range 14) 333 | -10/Exiles | Met 8R-AWN 340 | -10/Exiles | Met EX-HEX 361 | -10/Exiles | Met EX-BIN 408 | -10/Exiles | Met EX-DEC 417 | -10/Exiles | Learned location of Zion (-7) 452 | -10/Exiles | Discovered new exit (range 15) 458 | -10/Exiles | Entered Mines 459 | -9/Mines | Assembled infested the area 480 | -9/Mines | Learned location of 1 exit from Materials 494 | -9/Mines | Received a Rocket Launcher from a helpful Derelict 500 | -9/Mines | Core integrity fell below 50% 527 | -9/Mines | Destroyed 7 combat bots 529 | -9/Mines | Lost 3 parts (1p2n) 591 | -9/Mines | Lost 3 parts (2n1w) 635 | -9/Mines | Discovered new exit (range 5) 649 | -9/Mines | Entered Materials 649 | -8/Materials | Evolved 4 slots: Utility x4 650 | -8/Materials | Identified exit to Factory 1095 | -8/Materials | Build established: Scavenger-Mutant 1098 | -8/Materials | Identified exit to Garrison 1100 | -8/Materials | Entered Garrison 1147 | -8/Garrison | Triggered checkpoint 1202 | -8/Garrison | Lost 5 parts (2n1u2w) 1237 | -8/Garrison | Triggered checkpoint 1340 | -8/Garrison | Lost 5 parts (1p2n2w) 1344 | -8/Garrison | Core integrity fell below 50% 1386 | -8/Garrison | Core integrity fell below 20% 1403 | -8/Garrison | Destroyed by L-31 Rogue with Katana Last Messages --------------- 01332_ Acquired 5 matter. 01334_ Acquired 4 matter. 01336_ Acquired 2 matter. 01337_ Slammed into G-47 Trooper. 01340_ Arm. Huge Wheel permanently disabled. 01340_ Destabilizing: Short circuit. 01346_ Slammed into G-47 Trooper. 01352_ Slammed into L-31 Rogue. 01353_ Lgt. Ion Engine destroyed. 01358_ Slammed into L-31 Rogue. 01358_ Destabilizing: System interference. 01358_ Imp. Signal Interpreter temporarily disabled. 01358_ Terrain Scan Processor temporarily disabled. 01360_ S-10 Pest IFF system glitched. 01363_ Slammed into L-31 Rogue. 01378_ Broken Arm. Huge Wheel destroyed. 01380_ Slammed into L-31 Rogue. 01380_ Destabilizing: Core damaged (-27). 01385_ Slammed into L-31 Rogue. 01402_ Destabilizing: System corrupted (+1). Map ----- +----------------------------------------------------+ | ?????????????????????????????????????????????????? | | ?????????????????????????????????????????????????? | | ?????????????????????????????????????????????????? | | ?????????????????????????????????????????????????? | | ?????????????????????????????????????????????????? | | ?????????????????????????????????????????????????? | | ?????????????????????????????????????????????????? | | ?????????????????????????????????????????????????? | | ?????????????????????????????????????????????????? | | ?????????????????????????????????????????????????? | | ?????????????????????????????????????????????????? | | ?????????????????????????????????????????????????? | | ?????????????????????????????????????????????????? | | ?????????????????????????????????????????????????? | | ?????????????????????????????????????????????????? | | ?????????????????????????????????????????????????? | | ?????????????????????????????????????????????????? | | ?????????????????????????????????????????????????? | | ????????????????######################???????????? | | ????????? #???????????? | | ????????? ########## ### #???????????? | | ?????????????????# ?????????# #?# #???????????? | | ?????????????????# ?????????## ##?# ###?????????? | | ?????????????????# ??????????# #??# #"#?????????? | | ?????????????????# ###########%#??# "#?????????? | | ?????????????????# g l@%g%%%%#??# "#?????????? | | ?????????????????# ########### #??# "#?????????? | | ?????????????????# #?????????# #??# #"#?????????? | | ?????????????????# #????????##+##?# ###?????????? | | ???????# ######## #????????# #?# #???????????? | | ???????# ########## ### #???????????? | | ???????# = #???????????? | | ????????????###### ##################???????????? | | ?????????????????# #????????????????????????????? | | ?????????????????# #????????????????????????????? | | ?????????????????# #????????????????????????????? | | ?????????????????# #????????????????????????????? | | ?????????????????# #????????????????????????????? | | ?????????????????# ##############???????????????? | | ?????????????????# #???????????????? | | ?????????????????# #???????????????? | | ?????????????????############# #???????????????? | | ?????????????????????????????# #???????????????? | | ?????????????????????????????#####???????????????? | | ?????????????????????????????????????????????????? | | ?????????????????????????????????????????????????? | | ?????????????????????????????????????????????????? | | ?????????????????????????????????????????????????? | | ?????????????????????????????????????????????????? | | ?????????????????????????????????????????????????? | +----------------------------------------------------+ Best States ------------- Heat Dissipation 41 Coolant Potential 65 Energy Generation 12 Energy Capacity 265 Matter Stores 300 Matter Capacity 350 Sight Range 16 Terrain Scan Density 85 Armor Coverage 600 Resistance: KI 20 Resistance: TH 20 Resistance: EX 20 Resistance: EM 20 Resistance: I 20 Resistance: S 20 Resistance: P 20 Weapon Shielding 33 Evasion (%) 62 Offensive Hacking 10 Item Schematics ----------------- None Robot Schematics ------------------ None Fabricated ------------ Nothing Alien Tech Used ----------------- None Achievements -------------- None Challenges ------------ None Game ------ Seed IntegratedGodPod Manual? 0 Play Time 00:26:06 Cumulative 14.1 hours Start 2020.06.20 @ 13:24:14 End 2020.06.20 @ 13:54:00 Sessions 1 Manual Loads 0 Difficulty Adventurer Special Mode None Game No. 23 Rogue 21 Adventurer 2 Explorer 0 Win Type - Total 0 Types 0/0/0/0/0/0/0 Lore% 20 Gallery% 23 Achievement% 17 Wizard Run 0 Options --------- ASCII 0 Keyboard 1 Movement Numpad Keybinds 0 Fullscreen 1 Font 18/SmallcapsGlow Map View 76x50 Tactical HUD 1 Map Filters NONE Filters NONE Steam 1 RUN: 93f47883-f05f-4e63-9c2f-890a07a31ee6